 Dungeon Crawl Stone Soup version 0.27-a0-1347-gd8886f0a89 (webtiles) character file.

Game seed: 9362740071634287213

1369 Sweetruy1997 the Basher (level 8, -12/59 HPs)
             Began as a Hill Orc Monk on June 27, 2021.
             Was a Believer of Beogh.
             Mangled by tasumai's ghost (15 damage)
             ... on level 5 of the Dungeon.
             The game lasted 00:14:29 (7513 turns).

Sweetruy1997 the Basher (Hill Orc Monk)             Turns: 7513, Time: 00:14:30

Health: -12/59     AC:  5    Str: 24    XL:     8   Next: 65%
Magic:  6/8        EV:  8    Int: 15    God:    Beogh [**....]
Gold:   1178       SH: 15    Dex: 15    Spells: 7/7 levels left

rFire    . . .     SeeInvis .   j - +0 whip (elec)
rCold    . . .     Faith    .   c - +0 tower shield of the Moneychanger {Str+4 Int+5}
rNeg     . . .     Spirit   .   f - +0 leather armour
rPois    .         Reflect  .   (no helmet)
rElec    .         Harm     .   (no cloak)
rCorr    .         Rampage  .   a - +0 pair of gloves
Will     .....                  (no boots)
Stlth    ++........             (no amulet)
HPRegen  0.19/turn              e - +6 ring of strength
MPRegen  0.11/turn              (no ring)

@: no status effects
A: frail 1, shaggy fur 1
a: Renounce Religion, Smiting


You were on level 5 of the Dungeon.
You worshipped Beogh.
Beogh was pleased with you.
You visited 2 branches of the dungeon, and saw 6 of its levels.

You collected 1178 gold pieces.

Inventory:

Hand Weapons
 j - a +0 whip of electrocution (weapon)
Missiles
 n - 10 poisoned darts (quivered)
Armour
 a - a +0 pair of gloves (worn)
 c - the +0 tower shield of the Moneychanger (worn) {Str+4 Int+5}
   (You found it on level 5 of the Dungeon)

   Str:       It affects your strength (+4).
   Int:       It affects your intelligence (+5).
 f - a +0 leather armour (worn)
Jewellery
 e - a +6 ring of strength (left hand)
Wands
 b - a wand of paralysis (9)
 o - a wand of polymorph (9)
Scrolls
 d - a scroll of summoning
 h - a scroll of fear
 k - a scroll of torment {unknown}
 l - 2 scrolls of teleportation
 m - a scroll of holy word {unknown}


   Skills:
 - Level 4.0 Fighting
 - Level 5.4(8.9) Axes
 + Level 9.3(9.7) Maces & Flails
 - Level 1.0 Throwing
 - Level 1.0 Armour
 - Level 3.0 Dodging
 - Level 2.0 Stealth
 + Level 3.3 Shields
 + Level 1.0 Invocations
 + Level 0.1 Evocations


You had 7 spell levels left.
You didn't know any spells.
Your spell library contained the following spells:

 Spells                   Type           Power      Damage    Failure   Level
 Animate Skeleton         Necr           0%         N/A       99%         1
 Pain                     Necr           0%         1d4       99%         1
 Vampiric Draining        Necr           0%         2d6       100%        3
 Animate Dead             Necr           0%         N/A       100%        4
 Agony                    Necr           0%         N/A       100%        5


Dungeon Overview and Level Annotations

Branches:
Dungeon (5/15)             Temple (1/1) D:5

Altars:
Ashenzari
Dithmenos
Elyvilon
Gozag
Hepliaklqana
Kikubaaqudgha
Makhleb
Qazlal
Ru
Sif Muna
Trog
Uskayaw
Vehumet
Wu Jian
Yredelemnul
Zin

Annotations:
D:5 tasumai's ghost, novice GrBe


Innate Abilities, Weirdness & Mutations

You are frail. (-10% HP)
You are covered in fur. (AC +1)


Message History

Aiming: Smiting
Press: ? - help, Dir - move target, f - tasumai's ghost Smite: tasumai's ghost, wielding a weapon of electrocution You smite tasumai's ghost!
Tasumai's ghost is moderately damaged.
You block tasumai's ghost's attack.
You hit tasumai's ghost but do no damage.
Tasumai's ghost is moderately damaged.
Tasumai's ghost hits you.
You are electrocuted!!
You hit tasumai's ghost but do no damage.
Tasumai's ghost is moderately damaged.
You block tasumai's ghost's attack.
You hit tasumai's ghost but do no damage.
Tasumai's ghost is moderately damaged.
You block tasumai's ghost's attack.
It was a potion of mutation.
You feel extremely strange.
You feel frail. Fur sprouts all over your body.
Tasumai's ghost closely misses you.
You hit tasumai's ghost.
Tasumai's ghost is moderately damaged.
You block the kobold's attack. You block tasumai's ghost's attack.
You hit the kobold.
The kobold is moderately wounded.
You block the kobold's attack.
Tasumai's ghost hits you but does no damage.
You are electrocuted!!
You hit the kobold. Lightning courses through the kobold!!
You kill the kobold!
Beogh accepts your kill.
Tasumai's ghost hits you but does no damage.
You are electrocuted!
* * * LOW HITPOINT WARNING * * *
Things that are here:
a +0 whip; a stone; a kobold corpse You hit tasumai's ghost but do no damage.
Tasumai's ghost is moderately damaged.
Tasumai's ghost hits you.
* * * LOW HITPOINT WARNING * * *
You are electrocuted!
You die...

##.#.####.###.#### #.#
# #................#
#.#
###.....###.###.##.#
#.# .........##.#
#.##.# #.#
####........#
#.##.###.# # ###.######
#........# #.#
####.##### #.# #......#
##'## #@#.##.# ##...##
#W#.##.# ####...>.##
##K#.##.#
..#.).....#####.K#..#.#
#........##.⌠.##KK#.#.#
........##.#.#K#KK..#.#
#.......#...#..KK...#.#
#.#.....#!.....'......#
#.##....#=..#..'..#####


You could see a kobold brigand, tasumai's ghost and 8 kobolds.

Vanquished Creatures
  Sigmund (D:5)
  Menkaure (D:5)
  A sky beast (D:5)
  A hornet zombie (D:5)
  A centaur (D:5)
  2 ogres (D:5)
  A phantom (D:5)
  2 gnoll sergeants
  The ghost of Jeffwins the Magician, a weakling OpWn (D:3)
  A jelly (D:5)
  2 hounds (D:5)
  A gnoll shaman (D:4)
  A centaur skeleton (D:4)
  2 iguanas
  6 gnolls
  8 adders
  A shadow imp (D:5)
  2 adder skeletons (D:2)
  2 worms
  4 dart slugs
  4 orcs (D:5)
  5 ball pythons
  A bat zombie (D:2)
  7 endoplasms
  3 giant cockroaches (D:4)
  4 goblins
  13 hobgoblins
  4 jackals
  2 quokkas
  A ball python zombie (D:2)
  7 bats
  5 frilled lizards
  A jackal skeleton (D:2)
  A jackal zombie (D:2)
  12 kobolds
  A quokka skeleton (D:2)
  A quokka zombie (D:2)
  A rat (D:3)
114 creatures vanquished.

Vanquished Creatures (others)
  An adder (D:5)
  An orc (D:5)
  5 plants
  5 withered plants (D:2)
12 creatures vanquished.

Grand Total: 126 creatures vanquished

Notes
Turn   | Place    | Note
-------+----------+-------------------------------------------
     0 | D:1      | Sweetruy1997 the Hill Orc Monk began the quest for the Orb.
     0 | D:1      | Reached XP level 1. HP: 19/19 MP: 1/1
   152 | D:1      | Reached XP level 2. HP: 21/27 MP: 2/2
   523 | D:1      | Reached XP level 3. HP: 22/33 MP: 3/3
   991 | D:1      | Found a faded altar of an unknown god.
  1588 | D:2      | Reached skill level 5 in Axes
  1666 | D:2      | Reached XP level 4. HP: 39/40 MP: 4/4
  2624 | D:3      | Identified a scroll of acquirement
  2626 | D:3      | Acquired 1000 gold pieces
  2680 | D:3      | Reached skill level 1 in Armour
  3069 | D:3      | Found a runed translucent door.
  3071 | D:3      | Noticed Jeffwins's ghost (weakling OpWn)
  3091 | D:3      | Found a runed translucent door.
  3093 | D:3      | Killed Jeffwins's ghost
  3094 | D:3      | Reached skill level 2 in Maces & Flails
  3094 | D:3      | Reached XP level 5. HP: 36/46 MP: 5/5
  3331 | D:4      | Reached skill level 3 in Maces & Flails
  3796 | D:4      | Reached skill level 4 in Maces & Flails
  3796 | D:4      | Reached XP level 6. HP: 28/52 MP: 6/6
  4561 | D:5      | Entered Level 5 of the Dungeon
  4625 | D:5      | Reached skill level 5 in Maces & Flails
  4634 | D:5      | Reached XP level 7. HP: 46/59 MP: 7/7
  4764 | D:5      | Reached skill level 6 in Maces & Flails
  5223 | D:5      | Reached skill level 7 in Maces & Flails
  5223 | D:5      | Reached skill level 1 in Shields
  5422 | D:5      | Found a runed translucent gate.
  5424 | D:5      | Found a runed translucent gate.
  5424 | D:5      | Noticed tasumai's ghost (novice GrBe)
  5425 | D:5      | Found a runed translucent gate.
  5433 | D:5      | Identified the +0 tower shield of the Moneychanger {Str+4
                  | Int+5}
  5591 | D:5      | Found a staircase to the Ecumenical Temple.
  5602 | D:5      | Became a worshipper of Beogh the Brigand
  5602 | D:5      | Reached * piety under Beogh
  5602 | D:5      | Reached ** piety under Beogh
  5614 | Temple   | Entered the Ecumenical Temple
  6122 | D:5      | Reached XP level 8. HP: 59/66 MP: 8/8
  6293 | D:5      | Noticed Menkaure
  6297 | D:5      | Killed Menkaure
  6298 | D:5      | Reached skill level 8 in Maces & Flails
  6335 | D:5      | Reached skill level 1 in Throwing
  6761 | D:5      | Noticed Sigmund
  6782 | D:5      | Killed Sigmund
  6783 | D:5      | Reached skill level 9 in Maces & Flails
  6783 | D:5      | Reached skill level 1 in Invocations
  7508 | D:5      | Gained mutation: You are frail. (-10% HP) [potion of
                  | mutation]
  7508 | D:5      | Gained mutation: You are covered in fur. (AC +1) [potion of
                  | mutation]
  7513 | D:5      | Mangled by tasumai's ghost

Illustrated notes

Levels and vault maps discovered:
D:1:      dpeg_arrival_signposts, layout_rooms,
          hellmonk_ecumenical_altar_leap_of_faith
D:2:      layout_basic, serial_undead, serial_undead_b, serial_undead_f,
          serial_undead_c, serial_undead_b, serial_undead_c, serial_undead_e,
          serial_undead_b, serial_undead_a, serial_undead_f, serial_undead_f,
          minmay_misc_feat_four_crosses, chequers_serial_rivers_room_b,
          serial_park_tiny_2, serial_bayou_lagoon_a
D:3:      layout_basic, ebering_ghost_sewer_f, minivault_5, roderic_malta_cross
D:4:      layout_gridville, serial_bayou, serial_bayou_lake_a,
          serial_bayou_pond_b, serial_bayou_pond_b, serial_bayou_shore_a
D:5:      layout_loops_corners, minmay_temple_entry_wispy,
          gammafunk_ghost_nasty_kobolds, uniq_sigmund, uniq_menkaure
Temple:   eino_temple_scatter_basement

Skill      XL: |  1  2  3  4  5  6  7  8 |
---------------+-------------------------+-----
Fighting       | 4 |  4.0
Axes           | 5 |  5.4
Dodging        | 3 |  3.0
Armour         | 1 |  1.0
Stealth        | 2 |  2.0
Maces & Flails | 2 4 5 7 9 |  9.3
Shields        | 1 3 |  3.3
Throwing       | 1 |  1.0
Invocations    | 1 |  1.0
Evocations     | |  0.1

Action                   |  1- 3 |  4- 6 |  7- 9 || total
-------------------------+-------+-------+-------++-------
Melee: Hand axe          |   115 |    50 |       ||   165
       Whip              |       |   114 |   123 ||   237
Throw: Throwing net      |     1 |     1 |       ||     2
       Dart              |       |       |    23 ||    23
Invok: Smiting           |       |       |     2 ||     2
       Convert to Beogh  |       |       |     1 ||     1
Evoke: Wand              |       |       |     1 ||     1
  Use: Scroll            |       |     6 |     1 ||     7
       Potion            |       |       |     4 ||     4
 Stab: Sleeping          |     3 |     2 |       ||     5
       Distracted        |     1 |       |       ||     1
Armor: Robe              |     5 |       |       ||     5
       Leather armour    |    24 |    45 |    16 ||    85
Dodge: Dodged            |    71 |   105 |    38 ||   214
Block: Buckler           |       |     7 |     5 ||    12
       Tower shield      |       |       |    53 ||    53

Table legend: (Time is in decaauts)
 A = Elapsed time spent in this place.
 B = Non-inter-level travel time spent in this place.
 C = Inter-level travel time spent in this place.
 D = Time resting spent in this place.
 E = Time spent auto-exploring this place.
 F = Levels seen in this place.
 G = Mean time per level.
                   A        B        C        D        E       F      G
               +--------+--------+--------+--------+--------+-----+--------+
         Total |   7577 |   7302 |    275 |   2358 |   3981 |   6 | 1262.8 |
       Dungeon |   7419 |   7156 |    263 |   2358 |   3837 |   5 | 1483.8 |
        Temple |    157 |    145 |     12 |      0 |    144 |   1 |  157.0 |
               +--------+--------+--------+--------+--------+-----+--------+

Top non-repeatable levels by time:
     D:5: 2632 daAuts
     D:4: 1522 daAuts
     D:1: 1260 daAuts
     D:2: 1015 daAuts
     D:3: 988 daAuts
  Temple: 157 daAuts
